Pick #1

Connor Bedard
Pick #2

Leo Carlsson
Pick #3

Adam Fantilli
Pick #4

Matvei Michkov
Pick #5

David Reinbacher
Pick #6

William Smith
Pick #7

Zachary Benson
Pick #8

Ryan Leonard
Pick #9

Gabriel Perreault
Pick #10

Axel Sandin-Pellika
Pick #11

Daniil But
Pick #12

Dalibor Dvorsky
Pick #13

Quentin Musty
Pick #14

Brayden Yager
Pick #15

Dmitry Simashev
Pick #16

Colby Barlow
Pick #17

Andrew Cristall
Pick #18

Easton Cowan
Pick #19

Jacob Fowler
Pick #20

Oliver Moore
Pick #21

Oliver Bonk
Pick #22

Tom Willander
Pick #23

Calum Ritchie
Pick #24

Tanner Molendyk
Pick #25

Gavin Brindley
Pick #26

Nate Danielson
Pick #27

Pick #28

Pick #29

Pick #30

Pick #31

Pick #32

Pick #33

Pick #34

Pick #35

Pick #36

Pick #37

Pick #38

Pick #39

Pick #40

Pick #41

Pick #42

Pick #43

Pick #44

Pick #45

Pick #46

Pick #47

Pick #48

Pick #49

Pick #50

Pick #51

Pick #52

Pick #53

Pick #54

Pick #55

Pick #56

Pick #57

Pick #58

Pick #59

Pick #60

Pick #61

Pick #62

Pick #63

Pick #64

Pick #65

Pick #66

Pick #67

Pick #68

Pick #69

Pick #70

Pick #71

Pick #72

Pick #73

Pick #74

Pick #75

Pick #76

Pick #77

Pick #78

Pick #79

Pick #80

Pick #81

Pick #82

Pick #83

Pick #84

Pick #85

Pick #86

Pick #87

Pick #88

Pick #89

Pick #90

Pick #91

Pick #92

Pick #93

Pick #94

Pick #95

Pick #96

Pick #97

Pick #98

Pick #99

Pick #100

Pick #101

Pick #102

Pick #103

Pick #104

Pick #105

Pick #106

Pick #107

Pick #108

Pick #109

Pick #110

Pick #111

Pick #112

Pick #113

Pick #114

Pick #115

Pick #116

Pick #117

Pick #118

Pick #119

Pick #120

Pick #121

Pick #122

Pick #123

Pick #124

Pick #125

Pick #126

Pick #127

Pick #128

Pick #129

Pick #130

Full Scoreboard »»

RedWings vs Blues

Created - February 21, 2024 at 20:57

Goals
1 2 3 T
RedWings 1 1 0 2
Blues 2 2 0 4
Shots
1 2 3 T
RedWings 4 8 5 17
Blues 13 20 10 43

GoalsPenalties
1st period
1. Blues , Cale Makar 13 (Nico Hischier 46, Clayton Keller 23) at 0:39
2. RedWings , David Pastrnak 13 (Erik Karlsson 43, John Carlson 36) at 4:03
3. Blues , Jack Eichel 16 (Filip Hronek 24, Logan Couture 25) at 4:37
David Pastrnak (DET) for Cross-checking (Minor) at 14:32
2nd period
4. Blues , Kris Letang 9 (Jack Eichel 17, Yanni Gourde 19) at 2:54 (PP)
5. RedWings , David Pastrnak 14 (Erik Karlsson 44, Ryan Hartman 24) at 12:16
6. Blues , Sean Monahan 6 (Yanni Gourde 20, Carson Soucy 12) at 14:42
Ryan Murray (DET) for Tripping (Minor) at 2:38
Brayden Schenn (DET) for Hooking (Minor) at 6:45
Kris Letang (STL) for Hooking (Minor) at 15:24
3rd period
No Goal
No Penalty
Goalie Stats
Brian Elliott (DET), 39 saves from 43 shots - (0.907), L, 11-12-2, 60:00 minutes
Cam Talbot (STL), 15 saves from 17 shots - (0.882), W, 11-7-1, 60:00 minutes
3 StarsOfficial
1 - Yanni Gourde (STL)
2 - Erik Karlsson (DET)
3 - David Pastrnak (DET)
Referees : Brandon Blandina and Reid Anderson
Linesman : Kyle Allen and Dennis Urban
Game Note
No Game Note
Finance
Level 1 -- Attendance: 6375 (98.08%) -- Ticket Income $669,375
Level 2 -- Attendance: 4767 (95.34%) -- Ticket Income $357,525
Level 3 -- Attendance: 3327 (95.06%) -- Ticket Income $166,350
Level 4 -- Attendance: 1562 (100.00%) -- Ticket Income $60,918
Luxury Box -- Attendance: 1000 (100.00%) -- Ticket Income $199,000
Game was played at the Scottrade Center.
Total Attendance: 17031 (96.98%)
Total Ticket Income: $1,453,168
Other Income: $363,292
Total Income: $1,816,460



Team Name Goals Shots Shots Attemp Shots Blocked PIM HIT PP PK FO%
RedWings 21730166150 / 1 (0%)148%
Blues 4438552251 / 3 (33%)052%

RedWings
Player Name POS G A P +/- PIM HIT SHT SB MP PP MP PP SHT PK MP PK SHT FO% FOT
Brayden SchennC000-2202019:070:5401:24038% 24
David PastrnakRW2022205020:501:0500:00050% 22
David PerronLW0002002022:131:0501:22050% 2
Denis GurianovRW000000005:510:0000:0000% 0
Derick BrassardC000-1000011:200:0000:00053% 15
Drew DoughtyD000-3001419:530:5401:5710% 0
Erik KarlssonD0222032626:351:0502:1700% 0
Evgenii DadonovRW000-2000020:510:5403:07044% 9
John CarlsonD0112012226:351:0512:1700% 0
Nick CousinsC000000005:510:0000:00050% 4
Nick FolignoLW000-2020017:440:5400:000100% 1
Nikita AlexandrovC000000005:510:0000:0000% 1
Patrik NemethD0000040013:320:0000:0000% 0
Phillip Di GiuseppeLW000-1002013:190:0001:591100% 1
Ryan HartmanRW0112011021:271:0500:36067% 3
Ryan MurrayD0000210113:310:0000:0000% 0
Seth JonesD000-3010319:530:5401:5700% 0
Stefan NoesenRW000-1020011:200:0000:0000% 0
Blues
Player Name POS G A P +/- PIM HIT SHT SB MP PP MP PP SHT PK MP PK SHT FO% FOT
Alex NewhookC0001003015:011:5400:0000% 0
Anthony DeAngeloD0000012123:302:3411:1700% 0
Anton StralmanD0001002015:120:2500:4200% 0
Auston MatthewsC0000004019:331:4010:000100% 2
Boris KatchoukLW000001007:240:0000:0000% 0
Cale MakarD1010002022:251:4010:4200% 0
Carson SoucyD0111021114:050:0000:0000% 0
Clayton KellerRW0110013020:132:2010:000100% 2
Craig SmithC000001007:240:0000:0000% 0
Curtis LazarC0000013015:230:0000:00056% 16
Filip HronekD0110033120:560:0001:1700% 0
Jack EichelC1120006017:171:5400:00057% 7
Kris LetangD1010242122:112:0920:0000% 0
Logan CoutureC0110023118:272:2000:44050% 2
Marcus JohanssonLW000000008:390:0001:15022% 9
Nico HischierC0110014020:132:2010:00050% 26
Sean MonahanC1011012014:220:0001:15053% 17
Yanni GourdeC0221073015:451:5400:440100% 1



Play-by-Play

1st period


0:01 of 1st period - Ryan Hartman wins face-off versus Nico Hischier in neutral zone.
0:07 of 1st period - Icing by Cale Makar.
0:08 of 1st period - Nico Hischier wins face-off versus Brayden Schenn in Blues zone.
0:35 of 1st period - Shot by Clayton Keller.
0:35 of 1st period - Shot Misses the Net.
0:37 of 1st period - Shot by Nico Hischier.
0:37 of 1st period - Shot Blocked by Seth Jones.
0:39 of 1st period - Shot by Cale Makar.
0:39 of 1st period - Goal by Cale Makar - RedWings : 0 - Blues : 1.
0:40 of 1st period - David Pastrnak wins face-off versus Curtis Lazar in neutral zone.
0:43 of 1st period - Shot by Erik Karlsson.
0:43 of 1st period - Shot Misses the Net.
1:01 of 1st period - Shot by Logan Couture.
1:01 of 1st period - Shot Blocked by Erik Karlsson.
1:07 of 1st period - Shot by Filip Hronek.
1:07 of 1st period - Shot Misses the Net.
1:09 of 1st period - Shot by Anthony DeAngelo.
1:09 of 1st period - Shot Blocked by Erik Karlsson.
1:11 of 1st period - Shot by Logan Couture.
1:11 of 1st period - Stopped by Brian Elliott without a rebound.
1:12 of 1st period - Sean Monahan wins face-off versus Derick Brassard in RedWings zone.
1:19 of 1st period - Yanni Gourde is hit by Stefan Noesen and loses puck.
1:44 of 1st period - Shot by Yanni Gourde.
1:44 of 1st period - Stopped by Brian Elliott without a rebound.
1:45 of 1st period - Marcus Johansson wins face-off versus Nikita Alexandrov in RedWings zone.
2:06 of 1st period - Shot by Marcus Johansson.
2:06 of 1st period - Shot Blocked by John Carlson.
2:11 of 1st period - Icing by John Carlson.
2:12 of 1st period - Curtis Lazar wins face-off versus Nick Cousins in RedWings zone.
2:37 of 1st period - Shot by Jack Eichel.
2:37 of 1st period - Stopped by Brian Elliott with a rebound.
2:39 of 1st period - Shot by Curtis Lazar.
2:39 of 1st period - Stopped by Brian Elliott without a rebound.
2:40 of 1st period - Auston Matthews wins face-off versus David Pastrnak in RedWings zone.
2:51 of 1st period - Shot by Auston Matthews.
2:51 of 1st period - Stopped by Brian Elliott without a rebound.
2:52 of 1st period - Brayden Schenn wins face-off versus Sean Monahan in RedWings zone.
2:52 of 1st period - Brayden Schenn is hit by Yanni Gourde.
3:22 of 1st period - Shot by Yanni Gourde.
3:22 of 1st period - Shot Misses the Net.
3:24 of 1st period - Shot by Anton Stralman.
3:24 of 1st period - Stopped by Brian Elliott with a rebound.
3:26 of 1st period - Shot by Sean Monahan.
3:26 of 1st period - Stopped by Brian Elliott without a rebound.
3:27 of 1st period - Nico Hischier wins face-off versus David Pastrnak in RedWings zone.
3:43 of 1st period - Shot by David Pastrnak.
3:43 of 1st period - Shot Misses the Net.
4:03 of 1st period - Shot by David Pastrnak.
4:03 of 1st period - Goal by David Pastrnak - RedWings : 1 - Blues : 1.
4:04 of 1st period - Derick Brassard wins face-off versus Curtis Lazar in neutral zone.
4:28 of 1st period - Seth Jones is hit by Filip Hronek and loses puck.
4:37 of 1st period - Shot by Jack Eichel.
4:37 of 1st period - Goal by Jack Eichel - RedWings : 1 - Blues : 2.
4:38 of 1st period - Sean Monahan wins face-off versus Brayden Schenn in neutral zone.
6:12 of 1st period - Off-side.
6:13 of 1st period - Auston Matthews wins face-off versus Derick Brassard in neutral zone.
6:15 of 1st period - Off-side.
6:16 of 1st period - Clayton Keller wins face-off versus Derick Brassard in neutral zone.
7:35 of 1st period - Shot by Ryan Hartman.
7:35 of 1st period - Shot Misses the Net.
7:37 of 1st period - Shot by Erik Karlsson.
7:37 of 1st period - Shot Blocked by Carson Soucy.
8:18 of 1st period - Drew Doughty is hit by Boris Katchouk and loses puck.
9:03 of 1st period - Off-side.
9:04 of 1st period - Nick Cousins wins face-off versus Nico Hischier in neutral zone.
9:20 of 1st period - Shot by Nico Hischier.
9:20 of 1st period - Shot Misses the Net.
9:22 of 1st period - Shot by Filip Hronek.
9:22 of 1st period - Stopped by Brian Elliott without a rebound.
9:23 of 1st period - Sean Monahan wins face-off versus Ryan Hartman in RedWings zone.
9:23 of 1st period - Sean Monahan is hit by Patrik Nemeth.
9:59 of 1st period - Shot by Ryan Hartman.
9:59 of 1st period - Deflect By David Pastrnak.
9:59 of 1st period - Shot Misses the Net.
10:25 of 1st period - Shot by Auston Matthews.
10:25 of 1st period - Stopped by Brian Elliott without a rebound.
10:26 of 1st period - Brayden Schenn wins face-off versus Curtis Lazar in RedWings zone.
11:04 of 1st period - Nick Foligno is hit by Curtis Lazar and loses puck.
11:13 of 1st period - Cale Makar is hit by Nick Foligno and loses puck.
11:17 of 1st period - Icing by Jack Eichel.
11:18 of 1st period - Derick Brassard wins face-off versus Jack Eichel in Blues zone.
11:30 of 1st period - Icing by Phillip Di Giuseppe.
11:31 of 1st period - Derick Brassard wins face-off versus Nico Hischier in RedWings zone.
12:02 of 1st period - Shot by Clayton Keller.
12:02 of 1st period - Shot Hit the Post.
12:44 of 1st period - John Carlson is hit by Carson Soucy and loses puck.
12:59 of 1st period - Shot by David Perron.
12:59 of 1st period - Stopped by Cam Talbot without a rebound.
13:00 of 1st period - Curtis Lazar wins face-off versus Brayden Schenn in Blues zone.
13:20 of 1st period - Brayden Schenn is hit by Kris Letang and loses puck.
13:26 of 1st period - Cale Makar is hit by Patrik Nemeth and loses puck.
14:32 of 1st period - Minor Penalty to David Pastrnak for Cross-checking.
14:33 of 1st period - Jack Eichel wins face-off versus Evgenii Dadonov in RedWings zone.
14:52 of 1st period - Shot by Kris Letang.
14:52 of 1st period - Shot Misses the Net.
15:28 of 1st period - Shot by Drew Doughty.
15:28 of 1st period - Stopped by Cam Talbot without a rebound.
15:29 of 1st period - Nico Hischier wins face-off versus Evgenii Dadonov in Blues zone.
15:45 of 1st period - Shot by Auston Matthews.
15:45 of 1st period - Stopped by Brian Elliott with a rebound.
15:47 of 1st period - Shot by Logan Couture.
15:47 of 1st period - Shot Misses the Net.
15:49 of 1st period - Shot by Nico Hischier.
15:49 of 1st period - Shot Misses the Net.
16:14 of 1st period - Off-side.
16:15 of 1st period - Jack Eichel wins face-off versus David Perron in neutral zone.
16:22 of 1st period - Shot by Kris Letang.
16:22 of 1st period - Shot Misses the Net.
16:47 of 1st period - Anton Stralman is hit by Patrik Nemeth and loses puck.
17:01 of 1st period - Ryan Murray is hit by Craig Smith and loses puck.
17:23 of 1st period - Icing by Ryan Murray.
17:24 of 1st period - Nico Hischier wins face-off versus Nick Cousins in RedWings zone.
17:37 of 1st period - Shot by Filip Hronek.
17:37 of 1st period - Stopped by Brian Elliott without a rebound.
17:38 of 1st period - Ryan Hartman wins face-off versus Sean Monahan in RedWings zone.
17:44 of 1st period - David Pastrnak is hit by Kris Letang and loses puck.
19:39 of 1st period - Shot by Brayden Schenn.
19:39 of 1st period - Stopped by Cam Talbot without a rebound.
19:40 of 1st period - Derick Brassard wins face-off versus Marcus Johansson in Blues zone.
Goals for this period are 1 for RedWings vs 2 for Blues.
Shots for this period are 4 for RedWings vs 13 for Blues.

2nd period


0:01 of 2nd period - Brayden Schenn wins face-off versus Nico Hischier in neutral zone.
0:22 of 2nd period - Shot by Auston Matthews.
0:22 of 2nd period - Shot Misses the Net.
0:24 of 2nd period - Shot by Anthony DeAngelo.
0:24 of 2nd period - Stopped by Brian Elliott without a rebound.
0:25 of 2nd period - David Pastrnak wins face-off versus Curtis Lazar in RedWings zone.
0:53 of 2nd period - Shot by Curtis Lazar.
0:53 of 2nd period - Shot Blocked by John Carlson.
0:55 of 2nd period - Shot by Logan Couture.
0:55 of 2nd period - Stopped by Brian Elliott without a rebound.
0:56 of 2nd period - Nico Hischier wins face-off versus Brayden Schenn in RedWings zone.
2:13 of 2nd period - Icing by John Carlson.
2:14 of 2nd period - David Pastrnak wins face-off versus Sean Monahan in RedWings zone.
2:31 of 2nd period - Shot by Yanni Gourde.
2:31 of 2nd period - Deflect By Alex Newhook.
2:31 of 2nd period - Stopped by Brian Elliott without a rebound.
2:32 of 2nd period - Curtis Lazar wins face-off versus Derick Brassard in RedWings zone.
2:38 of 2nd period - Minor Penalty to Ryan Murray for Tripping.
2:39 of 2nd period - Jack Eichel wins face-off versus Evgenii Dadonov in RedWings zone.
2:54 of 2nd period - Shot by Kris Letang.
2:54 of 2nd period - Goal by Kris Letang - RedWings : 1 - Blues : 3.
2:55 of 2nd period - David Pastrnak wins face-off versus Marcus Johansson in neutral zone.
3:01 of 2nd period - Icing by Anton Stralman.
3:02 of 2nd period - Brayden Schenn wins face-off versus Marcus Johansson in Blues zone.
3:51 of 2nd period - Icing by Nick Foligno.
3:52 of 2nd period - Curtis Lazar wins face-off versus Brayden Schenn in RedWings zone.
4:20 of 2nd period - John Carlson is hit by Logan Couture and loses puck.
4:31 of 2nd period - Shot by Curtis Lazar.
4:31 of 2nd period - Stopped by Brian Elliott without a rebound.
4:32 of 2nd period - David Pastrnak wins face-off versus Sean Monahan in RedWings zone.
4:51 of 2nd period - Shot by David Pastrnak.
4:51 of 2nd period - Stopped by Cam Talbot without a rebound.
4:52 of 2nd period - Derick Brassard wins face-off versus Nico Hischier in Blues zone.
5:05 of 2nd period - Shot by Auston Matthews.
5:05 of 2nd period - Shot Misses the Net.
5:07 of 2nd period - Shot by Clayton Keller.
5:07 of 2nd period - Shot Misses the Net.
5:09 of 2nd period - Shot by Nico Hischier.
5:09 of 2nd period - Stopped by Brian Elliott without a rebound.
5:10 of 2nd period - David Pastrnak wins face-off versus Sean Monahan in RedWings zone.
5:25 of 2nd period - Drew Doughty is hit by Yanni Gourde and loses puck.
6:02 of 2nd period - Drew Doughty is hit by Sean Monahan and loses puck.
6:43 of 2nd period - Icing by Anthony DeAngelo.
6:44 of 2nd period - Nico Hischier wins face-off versus Brayden Schenn in Blues zone.
6:44 of 2nd period - Nico Hischier is hit by Nick Foligno.
6:45 of 2nd period - Minor Penalty to Brayden Schenn for Hooking.
6:46 of 2nd period - Clayton Keller wins face-off versus Evgenii Dadonov in RedWings zone.
7:08 of 2nd period - Shot by Anthony DeAngelo.
7:08 of 2nd period - Stopped by Brian Elliott with a rebound.
7:10 of 2nd period - Shot by Nico Hischier.
7:10 of 2nd period - Stopped by Brian Elliott without a rebound.
7:11 of 2nd period - Evgenii Dadonov wins face-off versus Nico Hischier in RedWings zone.
7:32 of 2nd period - Shot by Auston Matthews.
7:32 of 2nd period - Shot Misses the Net.
7:34 of 2nd period - Shot by Cale Makar.
7:34 of 2nd period - Stopped by Brian Elliott without a rebound.
7:35 of 2nd period - Evgenii Dadonov wins face-off versus Jack Eichel in RedWings zone.
7:35 of 2nd period - Evgenii Dadonov is hit by Yanni Gourde.
7:57 of 2nd period - Shot by Kris Letang.
7:57 of 2nd period - Stopped by Brian Elliott without a rebound.
7:58 of 2nd period - Evgenii Dadonov wins face-off versus Logan Couture in RedWings zone.
8:07 of 2nd period - Shot by Phillip Di Giuseppe.
8:07 of 2nd period - Stopped by Cam Talbot without a rebound.
8:08 of 2nd period - Evgenii Dadonov wins face-off versus Nico Hischier in Blues zone.
8:25 of 2nd period - Shot by Clayton Keller.
8:25 of 2nd period - Stopped by Brian Elliott without a rebound.
8:26 of 2nd period - David Perron wins face-off versus Jack Eichel in RedWings zone.
8:36 of 2nd period - Off-side.
8:37 of 2nd period - Nico Hischier wins face-off versus Evgenii Dadonov in neutral zone.
8:52 of 2nd period - Drew Doughty is hit by Yanni Gourde.
9:13 of 2nd period - Shot by David Pastrnak.
9:13 of 2nd period - Stopped by Cam Talbot without a rebound.
9:14 of 2nd period - Nico Hischier wins face-off versus Derick Brassard in Blues zone.
9:39 of 2nd period - Off-side.
9:40 of 2nd period - Curtis Lazar wins face-off versus David Pastrnak in neutral zone.
9:55 of 2nd period - Shot by Jack Eichel.
9:55 of 2nd period - Stopped by Brian Elliott without a rebound.
9:56 of 2nd period - Brayden Schenn wins face-off versus Nico Hischier in RedWings zone.
10:31 of 2nd period - Shot by Erik Karlsson.
10:31 of 2nd period - Stopped by Cam Talbot without a rebound.
10:32 of 2nd period - Jack Eichel wins face-off versus David Pastrnak in Blues zone.
10:54 of 2nd period - Shot by Jack Eichel.
10:54 of 2nd period - Stopped by Brian Elliott without a rebound.
10:55 of 2nd period - Sean Monahan wins face-off versus Derick Brassard in RedWings zone.
10:55 of 2nd period - Sean Monahan is hit by Ryan Murray.
11:04 of 2nd period - Phillip Di Giuseppe is hit by Carson Soucy and loses puck.
11:17 of 2nd period - Shot by Yanni Gourde.
11:17 of 2nd period - Shot Hit the Post.
11:19 of 2nd period - Shot by Alex Newhook.
11:19 of 2nd period - Stopped by Brian Elliott with a rebound.
11:31 of 2nd period - Shot by Sean Monahan.
11:31 of 2nd period - Shot Blocked by Ryan Murray.
11:33 of 2nd period - Shot by Carson Soucy.
11:33 of 2nd period - Stopped by Brian Elliott without a rebound.
11:34 of 2nd period - Logan Couture wins face-off versus David Pastrnak in RedWings zone.
11:34 of 2nd period - Logan Couture is hit by Erik Karlsson.
11:40 of 2nd period - Shot by Jack Eichel.
11:40 of 2nd period - Shot Misses the Net.
11:58 of 2nd period - Shot by David Perron.
11:58 of 2nd period - Stopped by Cam Talbot with a rebound.
12:12 of 2nd period - Shot by Ryan Hartman.
12:12 of 2nd period - Shot Blocked by Anthony DeAngelo.
12:14 of 2nd period - Shot by Erik Karlsson.
12:14 of 2nd period - Stopped by Cam Talbot with a rebound.
12:16 of 2nd period - Shot by David Pastrnak.
12:16 of 2nd period - Goal by David Pastrnak - RedWings : 2 - Blues : 3.
12:17 of 2nd period - Nico Hischier wins face-off versus Brayden Schenn in neutral zone.
12:47 of 2nd period - Icing by Kris Letang.
12:48 of 2nd period - Derick Brassard wins face-off versus Nico Hischier in Blues zone.
12:48 of 2nd period - Stefan Noesen is hit by Kris Letang and loses puck.
13:55 of 2nd period - Shot by Jack Eichel.
13:55 of 2nd period - Deflect By Logan Couture.
13:55 of 2nd period - Shot Misses the Net.
13:57 of 2nd period - Shot by Logan Couture.
13:57 of 2nd period - Shot Blocked by Erik Karlsson.
13:59 of 2nd period - Shot by Logan Couture.
13:59 of 2nd period - Shot Misses the Net.
14:01 of 2nd period - Shot by Filip Hronek.
14:01 of 2nd period - Stopped by Brian Elliott without a rebound.
14:02 of 2nd period - Sean Monahan wins face-off versus Brayden Schenn in RedWings zone.
14:02 of 2nd period - Yanni Gourde is hit by Seth Jones and loses puck.
14:06 of 2nd period - Icing by Drew Doughty.
14:07 of 2nd period - Sean Monahan wins face-off versus Brayden Schenn in RedWings zone.
14:20 of 2nd period - Shot by Anton Stralman.
14:20 of 2nd period - Shot Blocked by Seth Jones.
14:22 of 2nd period - Shot by Yanni Gourde.
14:22 of 2nd period - Shot Misses the Net.
14:26 of 2nd period - Shot by Sean Monahan.
14:26 of 2nd period - Shot Misses the Net.
14:42 of 2nd period - Shot by Sean Monahan.
14:42 of 2nd period - Goal by Sean Monahan - RedWings : 2 - Blues : 4.
14:43 of 2nd period - David Pastrnak wins face-off versus Nico Hischier in neutral zone.
15:08 of 2nd period - Shot by Auston Matthews.
15:08 of 2nd period - Stopped by Brian Elliott without a rebound.
15:09 of 2nd period - Nick Cousins wins face-off versus Curtis Lazar in RedWings zone.
15:11 of 2nd period - Nikita Alexandrov is hit by Logan Couture and loses puck.
15:17 of 2nd period - Nick Cousins is hit by Kris Letang.
15:24 of 2nd period - Minor Penalty to Kris Letang for Hooking.
15:25 of 2nd period - Sean Monahan wins face-off versus David Pastrnak in Blues zone.
15:25 of 2nd period - Sean Monahan is hit by Ryan Hartman.
16:07 of 2nd period - Shot by David Pastrnak.
16:07 of 2nd period - Deflect By David Perron.
16:07 of 2nd period - Shot Blocked by Filip Hronek.
16:09 of 2nd period - Shot by John Carlson.
16:09 of 2nd period - Stopped by Cam Talbot without a rebound.
16:10 of 2nd period - Yanni Gourde wins face-off versus Brayden Schenn in Blues zone.
16:18 of 2nd period - Brayden Schenn is hit by Yanni Gourde and loses puck.
16:48 of 2nd period - Seth Jones is hit by Yanni Gourde and loses puck.
18:51 of 2nd period - Shot by Logan Couture.
18:51 of 2nd period - Shot Blocked by Erik Karlsson.
18:53 of 2nd period - Shot by Anton Stralman.
18:53 of 2nd period - Stopped by Brian Elliott without a rebound.
18:54 of 2nd period - David Pastrnak wins face-off versus Sean Monahan in RedWings zone.
19:05 of 2nd period - Shot by Yanni Gourde.
19:05 of 2nd period - Shot Blocked by Drew Doughty.
19:07 of 2nd period - Shot by Sean Monahan.
19:07 of 2nd period - Shot Blocked by Seth Jones.
19:09 of 2nd period - Shot by Sean Monahan.
19:09 of 2nd period - Shot Misses the Net.
19:11 of 2nd period - Shot by Filip Hronek.
19:11 of 2nd period - Shot Blocked by Drew Doughty.
19:13 of 2nd period - Shot by Yanni Gourde.
19:13 of 2nd period - Stopped by Brian Elliott without a rebound.
19:14 of 2nd period - Brayden Schenn wins face-off versus Marcus Johansson in RedWings zone.
Goals for this period are 1 for RedWings vs 2 for Blues.
Shots for this period are 8 for RedWings vs 20 for Blues.

3rd period


0:01 of 3rd period - David Pastrnak wins face-off versus Nico Hischier in neutral zone.
1:16 of 3rd period - Shot by Jack Eichel.
1:16 of 3rd period - Shot Misses the Net.
1:18 of 3rd period - Shot by Kris Letang.
1:18 of 3rd period - Shot Misses the Net.
1:20 of 3rd period - Shot by Logan Couture.
1:20 of 3rd period - Shot Misses the Net.
1:24 of 3rd period - Shot by Curtis Lazar.
1:24 of 3rd period - Shot Blocked by Drew Doughty.
1:26 of 3rd period - Shot by Jack Eichel.
1:26 of 3rd period - Shot Blocked by Drew Doughty.
2:00 of 3rd period - Shot by Sean Monahan.
2:00 of 3rd period - Deflect By Alex Newhook.
2:00 of 3rd period - Stopped by Brian Elliott without a rebound.
2:01 of 3rd period - Derick Brassard wins face-off versus Marcus Johansson in RedWings zone.
2:28 of 3rd period - Shot by Derick Brassard.
2:28 of 3rd period - Shot Misses the Net.
2:53 of 3rd period - Marcus Johansson is hit by John Carlson.
3:17 of 3rd period - Shot by Clayton Keller.
3:17 of 3rd period - Shot Misses the Net.
3:19 of 3rd period - Shot by Nico Hischier.
3:19 of 3rd period - Stopped by Brian Elliott without a rebound.
3:20 of 3rd period - David Pastrnak wins face-off versus Curtis Lazar in RedWings zone.
3:58 of 3rd period - Shot by Ryan Hartman.
3:58 of 3rd period - Stopped by Cam Talbot without a rebound.
3:59 of 3rd period - Nico Hischier wins face-off versus Brayden Schenn in Blues zone.
4:12 of 3rd period - Shot by Brayden Schenn.
4:12 of 3rd period - Stopped by Cam Talbot without a rebound.
4:13 of 3rd period - Sean Monahan wins face-off versus Derick Brassard in Blues zone.
4:43 of 3rd period - Shot by Yanni Gourde.
4:43 of 3rd period - Stopped by Brian Elliott without a rebound.
4:44 of 3rd period - David Pastrnak wins face-off versus Nico Hischier in RedWings zone.
5:01 of 3rd period - Shot by John Carlson.
5:01 of 3rd period - Stopped by Cam Talbot without a rebound.
5:02 of 3rd period - Curtis Lazar wins face-off versus Brayden Schenn in Blues zone.
5:06 of 3rd period - Icing by Logan Couture.
5:07 of 3rd period - Curtis Lazar wins face-off versus David Pastrnak in Blues zone.
5:09 of 3rd period - Icing by Cale Makar.
5:10 of 3rd period - Curtis Lazar wins face-off versus David Pastrnak in Blues zone.
5:31 of 3rd period - Shot by Jack Eichel.
5:31 of 3rd period - Stopped by Brian Elliott without a rebound.
5:32 of 3rd period - Nick Foligno wins face-off versus Nico Hischier in RedWings zone.
5:32 of 3rd period - Nick Foligno is hit by Nico Hischier.
6:00 of 3rd period - Shot by Nico Hischier.
6:00 of 3rd period - Stopped by Brian Elliott with a rebound.
6:25 of 3rd period - Icing by Drew Doughty.
6:26 of 3rd period - Brayden Schenn wins face-off versus Curtis Lazar in RedWings zone.
7:48 of 3rd period - Carson Soucy is hit by Stefan Noesen and loses puck.
9:56 of 3rd period - John Carlson is hit by Clayton Keller and loses puck.
10:51 of 3rd period - Shot by David Pastrnak.
10:51 of 3rd period - Stopped by Cam Talbot without a rebound.
10:52 of 3rd period - Phillip Di Giuseppe wins face-off versus Marcus Johansson in Blues zone.
10:52 of 3rd period - Phillip Di Giuseppe is hit by Filip Hronek.
10:56 of 3rd period - Shot by Phillip Di Giuseppe.
10:56 of 3rd period - Stopped by Cam Talbot without a rebound.
10:57 of 3rd period - Derick Brassard wins face-off versus Marcus Johansson in Blues zone.
12:06 of 3rd period - Shot by David Perron.
12:06 of 3rd period - Shot Misses the Net.
13:05 of 3rd period - Shot by Nico Hischier.
13:05 of 3rd period - Shot Blocked by Erik Karlsson.
13:35 of 3rd period - Shot by Logan Couture.
13:35 of 3rd period - Shot Blocked by Erik Karlsson.
13:58 of 3rd period - Icing by Erik Karlsson.
13:59 of 3rd period - Brayden Schenn wins face-off versus Sean Monahan in RedWings zone.
14:36 of 3rd period - Phillip Di Giuseppe is hit by Yanni Gourde and loses puck.
14:58 of 3rd period - Shot by Jack Eichel.
14:58 of 3rd period - Deflect By Curtis Lazar.
14:58 of 3rd period - Stopped by Brian Elliott without a rebound.
14:59 of 3rd period - Nico Hischier wins face-off versus David Pastrnak in RedWings zone.
15:00 of 3rd period - Shot by Auston Matthews.
15:00 of 3rd period - Shot Misses the Net.
15:07 of 3rd period - Clayton Keller is hit by Patrik Nemeth and loses puck.
15:42 of 3rd period - David Pastrnak is hit by Filip Hronek.
16:12 of 3rd period - Shot by Logan Couture.
16:12 of 3rd period - Shot Misses the Net.
16:14 of 3rd period - Shot by Logan Couture.
16:14 of 3rd period - Stopped by Brian Elliott with a rebound.
16:32 of 3rd period - Shot by Jack Eichel.
16:32 of 3rd period - Stopped by Brian Elliott without a rebound.
16:33 of 3rd period - Sean Monahan wins face-off versus Brayden Schenn in RedWings zone.
16:33 of 3rd period - Yanni Gourde is hit by Erik Karlsson and loses puck.
17:05 of 3rd period - Anton Stralman is hit by Erik Karlsson.
17:08 of 3rd period - Icing by John Carlson.
17:09 of 3rd period - Marcus Johansson wins face-off versus Brayden Schenn in RedWings zone.
17:19 of 3rd period - Icing by John Carlson.
17:20 of 3rd period - Nico Hischier wins face-off versus Brayden Schenn in RedWings zone.
17:39 of 3rd period - Shot by Clayton Keller.
17:39 of 3rd period - Stopped by Brian Elliott without a rebound.
17:40 of 3rd period - Curtis Lazar wins face-off versus David Pastrnak in RedWings zone.
18:05 of 3rd period - Shot by Seth Jones.
18:05 of 3rd period - Shot Blocked by Logan Couture.
18:07 of 3rd period - Shot by Seth Jones.
18:07 of 3rd period - Shot Misses the Net.
18:19 of 3rd period - Shot by David Pastrnak.
18:19 of 3rd period - Shot Blocked by Kris Letang.
18:21 of 3rd period - Shot by Ryan Hartman.
18:21 of 3rd period - Shot Misses the Net.
18:38 of 3rd period - Icing by Drew Doughty.
18:39 of 3rd period - Nico Hischier wins face-off versus David Pastrnak in RedWings zone.
18:48 of 3rd period - Shot by Auston Matthews.
18:48 of 3rd period - Deflect By Clayton Keller.
18:48 of 3rd period - Stopped by Brian Elliott without a rebound.
18:49 of 3rd period - Brayden Schenn wins face-off versus Sean Monahan in RedWings zone.
18:53 of 3rd period - Erik Karlsson is hit by Anthony DeAngelo and loses puck.
Goals for this period are 0 for RedWings vs 0 for Blues.
Shots for this period are 5 for RedWings vs 10 for Blues.